[Event "44th Chess Olympiad Open 2022"]
[Site "Chennai"]
[Date "2022.07.29"]
[Round "1.9"]
[White "Kollars, Dmitrij"]
[Black "Ahmed Hassan Ahmed"]
[Result "1-0"]
[WhiteElo "2648"]
[BlackElo "2114"]
[Annotator "TA"]
[PlyCount "63"]
[EventDate "2022.??.??"]
[TimeControl "60"]

1. e4 c5 2. Nf3 Nc6 3. Bb5 e5 4. O-O Bd6 5. c3 a6 6. Ba4 {[%emt 0:00:41] B30: Sicilian: 2...
Nc6 3 Bb5, lines without ...g6.} b5 7. Bc2 Nge7 8. d4 {[%emt 0:09:42] White has an edge.} (8. a4 $5 ) 8... cxd4 9. cxd4 Nxd4 10. Nxd4 exd4 11. Nd2 Qc7 12. Nf3 {[%emt 0:01:15] [#]} Bb7 $146 ({Predecessor:} 12... Nc6 13. Bb3 O-O 14. h3 Bc5 15. Bd5 Bb7
16. a3 a5 17. Ng5 g6 18. Qg4 h5 {1-0 (30) Mahdy,K (2376)-Hellmayr,A (2242)
Austria 2019}) 13. e5 Bc5 14. Bf4 {[%emt 0:
00:00] White has compensation.} Qb6 15. Rc1 Rc8 16. h4 h6 17. a3 Qe6 18. Qd3 Qg4 19. Bg3 Bxf3 20. gxf3 Qh3 21. Bb1 g5 22. h5 {[%emt 0:00:37][%cal Ye5e6] [#] Black must now prevent
e6!} Rg8 (22... Qxh5 $2 23. e6 fxe6 {[#]} 24. Rxc5 $1 Rxc5 25.
Qxd4 $18) (22... Nd5 $1 $15 23. Qf5 Qxf5 24. Bxf5 Ke7) 23. Qe4 $11 {[%emt 0:03:
43] b4 is the strong threat.} g4 $2 {[%emt 0:01:33] Loses the game.} (23...
Qxh5 $2 24. b4 $18) (23... d3 $11 {and Black has nothing to worry.} 24. Qg4
Qxg4 25. fxg4 Bd4) 24. f4 $18 {[%emt 0:00:37] Strongly threatening b4.} Rc6 25. Bd3 Qxh5 26. f5 Bb6 (26... Nxf5 $142 27. Qxf5 Qxf5 28. Bxf5 Be7) 27.
f6 Re6 $2 (27... Qg5) 28. Qa8+ {[%emt 0:04:
21] White is clearly winning.} Bd8 29. fxe7 Kxe7 30. Rc8 Qg5 31. Qh1 {
[%emt 0:00:24] Hoping for Bh4.} Qd2 32. Bf5 {[%emt 0:01:43]
Weighted Error Value: White=0.19 (very precise) /Black=0.42} 1-0

[Event "44th Chess Olympiad Open 2022"]
[Site "Chennai"]
[Date "2022.07.29"]
[Round "1.9"]
[White "Tagelsir, Abubaker"]
[Black "Bluebaum, Matthias"]
[Result "0-1"]
[WhiteElo "2232"]
[BlackElo "2673"]
[Annotator "TA"]
[PlyCount "92"]
[EventDate "2022.??.??"]
[TimeControl "60"]

1. e4 c6 2. c4 d5 3.
cxd5 cxd5 4. exd5 Nf6 5. Bb5+ Nbd7 6. Nc3 g6 7. d4 Bg7 8. d6 exd6 9. Qe2+ Qe7 10. Bf4 Qxe2+ 11. Bxe2 Ke7 12. Bf3 Rd8 $5 {[%emt 0:00:00] [#] An
interesting side line. B14: Caro-Kann: Panov-Botvinnik Attack with 5...e6 and
5...g6.} 13. Rc1 $146 ({Predecessor:} 13. Nge2 Nb6 14. O-O h6
15. h4 Bg4 16. Bxb7 Rab8 17. Bc6 Rdc8 18. d5 Nc4 19. b3 Nh5 20. Rae1 Nxf4 21.
Nxf4+ {½-½ (57) Moreno Ruiz,J (2459)-Almagro Llamas,P (2453) Madrid 2010})
13... Nb6 14. Nge2 h6 {[%emt 0:00:18] White
is slightly better.} 15. h3 Rb8 16. O-O g5 17. Bg3 a6 18. a4 Kf8 19. Rfe1 Nc4 20. Ne4 Nxe4 21. Bxe4 Nxb2 22. Rc7 {[%emt 0:03:29] And now Rb1
would win.} (22. Rb1 $5 Nc4 23. Rb4 $11) 22... Nxa4 23. Bd5 $1 Be6 24. Bxb7 Nb6 25. Bxa6 Ra8 26. Bb7 Ra7 {[%emt 0:02:44] Strongly threatening ...Na8.} 27. Rb1 (27. Nc3 $11) 27... Nc4 $15 28. Rc6 Kg8 {[%emt 0:02:37] Black is more active.} (28... f5 {looks sharper.}
29. Rc7 Na5 30. d5 Bf7) 29. Ra6 Rxa6 30. Bxa6 Ra8 31. Bb7 Ra2 32. Nc3 Rc2 33. Nb5 Rd2 34. Bxd6 Nxd6 35. Nxd6 Bxd4 36. Ne4 Rd3 {[%emt 0:01:
44] With the idea ...f5.} 37. Ba6 Ra3 38. Be2 Kg7 39. Rd1 Ba7 40. Nd6 Ra2 41. Nb5 {[%emt 0:32:17] [#]}
(41. Kf1 $11) 41... Bb6 $1 $17 ({Worse is} 41... Rxe2 42. Nxa7
Rb2 43. Nc6 $15) 42. Nc3 (42. Bf3 $17 {was called for.}) 42...
Rc2 $19 43. Na4 Ba7 {[%emt 0:00:00] This
bishop pair is nice.} ({And not} 43... Rxe2 44. Nxb6 Rc2 45. Nd7 $15) 44. Kf1 (44. Bb5 {keeps fighting.}) 44... Bb3 {[%emt 0:00:00] Black is
clearly winning.} 45. g3 Bxa4 46. Ra1 {
[%emt 0:00:00] [#]} Bc6 $1 {[%emt 0:00:00] Weighted Error Value: White=0.27 
(precise) /Black=0.04 (flawless)} 0-1

[Event "44th Chess Olympiad Open 2022"]
[Site "Chennai"]
[Date "2022.07.29"]
[Round "1.9"]
[White "Hamid Mohammed"]
[Black "Nisipeanu, Liviu-Dieter"]
[Result "0-1"]
[WhiteElo "2116"]
[BlackElo "2642"]
[Annotator "ChessBase"]
[PlyCount "45"]
[EventDate "2022.??.??"]
[TimeControl "60"]

1. Nf3 Nf6 2. d4 d5 3. c4 e6 4. a3 dxc4 5. Nc3 a6 6. e4 b5 7. Bg5 Be7 8. Qc2 Bb7 9. Be2 Nbd7 10. O-O h6 11. Bh4 O-O 12. Rad1 Nh5 13.
Bg3 Nxg3 14. hxg3 Nf6 15. Ne5 c5 16. d5 Qc7 17. Ng4 exd5 18.
Nxf6+ Bxf6 19. Nxd5 Bxd5 20. Rxd5 Rad8 21. Rfd1 Bd4 22. Rxd8 Rxd8 23. Bf3 0-1

[Event "44th Chess Olympiad Open 2022"]
[Site "Chennai"]
[Date "2022.07.29"]
[Round "1.10"]
[White "Jones, Gawain C B"]
[Black "Damianou, Ioannis"]
[Result "1-0"]
[WhiteElo "2652"]
[BlackElo "2153"]
[Annotator "TA"]
[PlyCount "37"]
[EventDate "2022.??.??"]
[TimeControl "60"]

1. c4 b6 2. Nc3 Bb7 3. e4 e6 4.
Nf3 Bb4 5. Qc2 c5 {[%emt 0:
12:56] [#]} (5... Ne7 $14) 6. Nb5 $1 $18 {[%emt 0:04:13] [#] And now a3 would
win. A10: English Opening: Unusual Replies for Black.} d5 $146 {[%emt 0:07:25]
[#]} (6... d6 $16) ({Predecessor:} 6... d6 7. a3 Ba5 8. Qd3 Ke7 9. Ng5 Nh6 10.
f4 a6 11. Nc3 Nc6 12. Rb1 Bxc3 13. dxc3 {1-0 (51) Wimmer,A (2105)-Mueller,C 
(2003) Passau 1998}) 7. e5 $1 Qe7 $2 (7...
Kf8 8. a3 Ba5) 8. a3 {[%emt 0:04:15] White is winning.} Ba5 9.
cxd5 exd5 10. b4 cxb4 11. Nc7+ Kd8 12. Nxa8 Nc6 {[%emt 0:10:04] [#]} 13. Bb2 {[%emt 0:00:00] White is
clearly winning.} Bxa8 (13... h5 14. Bb5) 14. Bb5 Nxe5 15. Nxe5 {[%emt 0:04:22] aiming for Rc1.} bxa3 {
[%emt 0:05:08] [#]} 16. Ba6 $1 Qe6 {
[%emt 0:09:02] [#] Against Qc8+} (16... Bxd2+ 17. Kxd2) 17. Rc1 $1 {[%emt 0:00:
27] White wants to mate with Qc7+.} b5 18. Qc8+ Ke7 19. Bxa3+ {[%emt 0:02:04] Black did not feel at home
in the position after the opening. Weighted Error Value: White=0.06 (flawless)
/Black=0.96} 1-0

[Event "44th Chess Olympiad Open 2022"]
[Site "Chennai"]
[Date "2022.07.29"]
[Round "1.10"]
[White "McShane, Luke J"]
[Black "Michaelides, Konstantinos"]
[Result "1-0"]
[WhiteElo "2649"]
[BlackElo "2300"]
[Annotator "TA"]
[PlyCount "49"]
[EventDate "2022.??.??"]
[TimeControl "60"]

1. e4 e5 2. Nf3 Nc6 3. Bb5 a6 4. Ba4 d6 5. O-O g6 6. d4 {[%emt 0:03:29] C72: Ruy Lopez: Deferred Steinitz: 5 0-0.} b5 7. Bb3 {[%emt 0:00:15] dxe5 is the strong threat.} Bg7 8. dxe5 {[%emt 0:10:05] White is better.} dxe5 9. a4 {[%emt 0:02:33] [#] And now axb5 would win.} Rb8 (9...
b4 $142) 10. Qxd8+ (10. axb5 $142 axb5 11. Qd5) 10... Nxd8 $16 11. axb5 axb5 12. Be3 Be6 {[%emt 0:15:07] [#]} 13. Nbd2 $146 ({
Predecessor:} 13. Nfd2 Bh6 14. Bxh6 Nxh6 15. Nc3 c6 16. Ra6 Bc8 17. Ra7 O-O 18.
Nf3 Re8 19. Ng5 {0-1 (33) Pogorelskikh,S (1964)-Nebolsina, V (2284) Sochi 2017}
) 13... Ne7 14. Ne1 O-O 15.
Nd3 (15. Ra7 $5 ) 15... Bxb3 16. Nxb3 Ndc6 17. Ra6 $36 {[%emt 0:00:23]
White is on the roll.} Rfd8 18. Rfa1 f5 19. f3 Kf7 20. Kf1 Rd6 21. Bc5 Rd7 ({
Black should try} 21... Rf6) 22. Ke2 Nd8 23.
Be3 {[%emt 0:04:41] 0x0.0019896bf92bdp-1022s more active pieces.} Ne6 $2 {
[%emt 0:01:24] [#]} (23... Ndc6 $16 {is more resistant.} 24. Bc5 Nd8) 24. Rxe6
$1 $18 Kxe6 (24... Rxd3 25. Rxe7+) 25. Ndc5+
{[%emt 0:00:06] Deflection. Weighted Error Value: White=0.09 (flawless) /
Black=0.56} 1-0

[Event "44th Chess Olympiad Open 2022"]
[Site "Chennai"]
[Date "2022.07.29"]
[Round "1.10"]
[White "Isaakidis, Alexandros"]
[Black "Howell, David W L"]
[Result "0-1"]
[WhiteElo "2165"]
[BlackElo "2650"]
[Annotator "TA"]
[PlyCount "43"]
[EventDate "2022.??.??"]
[TimeControl "60"]

1. d4 Nf6 2. c4 e6 3. Nf3 b6 4. g3 Be7 5. Bg2 c6 6. Nc3 Ba6 7. Qa4 O-O 8. O-O d5 9. Ne5 Qe8 {[%emt 0:15:37] E15: Queen's
Indian: 4 g3 sidelines, 4 g3 Ba6 and 4 g3 Bb7 early deviations.} 10. Qc2 Nfd7 11. Nxd7 Qxd7 {[%emt 0:
00:00] The position is equal.} 12. b3 dxc4 13. Rd1 cxb3 14. axb3 Bb7 {
[%emt 0:00:08] [#]} 15. Ne4 $146 ({Predecessor:} 15. e4 Na6
16. Qe2 Nb4 17. Be3 a5 18. Rd2 b5 19. Qg4 Rfd8 20. e5 Kh8 21. Qf3 Kg8 22. Qg4 {
0-1 (83) Sahl,B (2465)-Olafsson,H (2535) Kopavogur 1994}) 15... h6 16. Bf4 (16. Bb2 $15 {feels stronger.}) 16... Na6 $17 {
[%emt 0:00:45] Black is better.} 17. Qc1 Nb4 18. Nc3 Rfd8 19. e4 (19. h4
$142) 19... Qe8 (19... c5 $142 20. dxc5 Qc6) 20. Na2 Rd7 21. Nxb4 Bxb4 22. Qc4 {[%emt 0:00:34] Weighted Error Value: White=0.15 (very precise) /
Black=0.04 (flawless)} 0-1

[Event "44th Chess Olympiad Open 2022"]
[Site "Chennai"]
[Date "2022.07.29"]
[Round "1.10"]
[White "Florentiades, Michalis"]
[Black "Haria, Ravi"]
[Result "0-1"]
[WhiteElo "1974"]
[BlackElo "2505"]
[Annotator "ChessBase"]
[PlyCount "104"]
[EventDate "2022.??.??"]
[TimeControl "60"]

1. e4 e6 2. d4 d5 3. exd5 exd5 4. Nf3 Bd6 5. c4 Nf6 6. Nc3 O-O 7. cxd5 Nbd7 8. Bg5 h6 9. Bh4 Nb6 10. Be2 Be7 11. Bxf6 Bxf6 12. Qb3 Bg4 13. O-O Rb8 14. Rfe1 Bxf3 15. Bxf3 Bxd4 16. Rad1 Bc5 17. Ne4 Bd6 18. Nc3 Nd7 19. Be4 Ne5 20. Nb5 a6 21. Nxd6 cxd6 22. Bb1 b5 23. Rc1 Qb6 24. Qe3 Qb7 25. f4 Ng4 26. Qd4 Rfe8 27. Be4 Rbc8 28. Bf3 Rxe1+ 29. Rxe1 Nf6 30. h3 Rc4 31. Qd2 Qc7 32. Re2 g6 33.
Kh2 Kg7 34. b3 Rc3 35. Qd4 Qc5 36. Qxc5 Rxc5 37. Rd2 a5 38. Kg3 Rc3 39. Kf2 Nd7 40. Ke2 Nc5 41. Kd1 Nd3 42. Rc2 Rxc2 43. Kxc2 Nxf4 44. Kc3 f5 45. a4 bxa4 46. bxa4 g5 47. Kc4 h5 48. g4 Nxh3 49. gxh5 g4 50.
Bd1 Nf2 51. Be2 f4 52. Kd4 Kh6 0-1

[Event "44th Chess Olympiad Open 2022"]
[Site "Chennai"]
[Date "2022.07.29"]
[Round "1.11"]
[White "Nihal Sarin"]
[Black "Sultan, Ibrahim"]
[Result "1-0"]
[WhiteElo "2651"]
[BlackElo "2108"]
[Annotator "TA"]
[PlyCount "109"]
[EventDate "2022.??.??"]
[TimeControl "60"]

1. e4 e5 2. Nf3 Nc6 3. Bb5 a6 4. Ba4 Nf6 5. O-O Be7 6. d3 b5 7. Bb3 d6 8. Bd2 {[%emt 0:00:10] C84: Closed Ruy
Lopez: Unusual White 6th moves.} O-O 9. h3 Re8 10. Re1 {[%emt 0:01:52] The position is equal.} Bf8 11. a3 h6 12. Nc3 Na5 13. Ba2 {[%emt 0:00:18] [#]} c6 $146 ({Predecessor:} 13... Be6 14. Bxe6 Rxe6 15. Nd5 Nb7 16. c4 c6 17. Nxf6+
Rxf6 18. b4 Qd7 19. a4 bxc4 20. dxc4 {1-0 (38) Leko,P (2670)-Nihal,S (2610)
Douglas 2019}) 14. b4 Nb7 15. Ne2 Be6 16. Bxe6 Rxe6 17. Ng3 d5 18. exd5 (18. a4
$14) 18... Qxd5 $11 19. Qe2 Rae8 20. c4 Qd7 21. Bc3 e4 $1 22. dxe4 Nxe4 23. Nxe4 Rxe4 24. Qxe4 Rxe4 25. Rxe4 Qd3 26. Re3 Qxc4 27. Rd1 {[%emt 0:00:04] aiming for Rd7.} Nd6 28. Be5 Nf5 29. Rc3 $36 {[%emt 0:01:06] White has
some pressure.} Qe4 30. Rd8 f6 31. Bb8 {[%emt 0:05:41] next Rc1 is good for White.} h5 32. Rc1 {[%emt 0:02:48] Strongly threatening Re1.} Kf7 33.
Rd7+ Kg8 $2 (33... Kg6 $1 $11 {and Black is
okay.}) 34. Re1 $1 $18 Qc4 35. Re8 $1 Qc1+ {[%emt 0:00:09] [#]} 36. Kh2 $1 Qxa3 {
[%emt 0:00:16] [#]} 37. Rdd8 $2 ({White has to play} 37. Ne1
$1 $18) 37... Qxb4 $11 38. Rxf8+ Qxf8 39. Rxf8+ Kxf8 40. g4 hxg4 41. hxg4 Ne7 {[%emt 0:
09:17] White must now prevent ...Kf7.} 42. Nd4 Ke8 {[%emt 0:
05:34] And now ...c5 would win.} 43. Nb3 c5 44. Nxc5 a5 45.
Kg3 Nc6 46. Bc7 a4 47. Kf4 (47. Kf3 $5 ) 47... a3 48. Ke4 {[%emt 0:00:05] Inhibits Nd4.} a2 49. Nb3 g6 50. Bb6 Kd7 51. f4 ({Better is} 51. Kd3 $14) 51... Nb4 $2 (51... Ke6 $11 {and Black stays safe.}) 52. Bd4 Ke6 53. f5+ gxf5+ 54. gxf5+ Kf7 55. Nc1 {[%emt 0:00:07] Weighted Error
Value: White=0.13 (very precise) /Black=0.26 (precise)} 1-0

[Event "44th Chess Olympiad Open 2022"]
[Site "Chennai"]
[Date "2022.07.29"]
[Round "1.11"]
[White "Sadhwani, Raunak"]
[Black "Abdulrahman Mohammad, Al Taher"]
[Result "1-0"]
[WhiteElo "2611"]
[BlackElo "2029"]
[Annotator "TA"]
[PlyCount "71"]
[EventDate "2022.??.??"]
[TimeControl "60"]

1. e4 c5 2. Nf3 Nc6 3. d4 cxd4 4. Nxd4 g6 5. c4 Nf6 6. Nc3 Nxd4 7. Qxd4 d6 8. Be3 Bg7 9. Be2 O-O 10. Qd3 Be6 11. Bd4 Qa5 12.
O-O Rfc8 {[%emt 0:11:12] B36: Sicilian: Maroczy Bind:
Gurgenidze System.} 13. b3 Nd7 14. Bxg7 Kxg7 {[%emt 0:00:01] White is slightly better.} 15. Kh1 (15. f4 {is more complex.} f6 16. Rab1 a6 17. a4) 15... a6 16. f4 {[%emt 0:00:19] Threatens to win with f5.}
f6 17. a4 {[%emt 0:10:38] Against b5} Nc5 18. Qc2 Qb4 19.
Rab1 {[%emt 0:02:33] [#]} a5 $146 ({Predecessor:} 19... b5 20.
axb5 axb5 21. Nxb5 d5 22. Nd4 dxc4 23. Nxe6+ Nxe6 24. Bxc4 Nd4 25. Qd3 Rd8 26.
Bd5 Ra2 {½-½ (26) Vorobyov,Y (2252)-Sarkoezy,B (2090) Plzen 2012}) 20. h3 Qb6 21. Bg4 $1 Bxg4 22. hxg4 Rf8 23. Rf3 (23. Nd5 {is interesting.} Qc6 24. f5 g5 25. Rf3) 23... Na6 24. Nd5 Qd8 25. Qd2 Nc7 ({Black should try} 25... e6 $14 26. Nc3 Nc5) 26. Re1 {[%emt 0:
00:37] 0x0.0005eb374562dp-1022s more active pieces.} Nxd5 27.
exd5 Qd7 28. Re6 f5 $2 {
[%emt 0:00:38] [#] Black cannot hold the game after this.} (28... Rf7 $16 29.
f5 g5) 29. Qe1 $2 (29. Rfe3) 29... Rae8 (
29... fxg4 30. Rxe7+ Qxe7 31. Qxe7+ Rf7 32. Qxd6 gxf3 33. Qe5+ Kg8) 30. Rfe3
$18 Rf7 31. gxf5 gxf5 32. Rg3+ Kf8 33. Qc3 Rf6 34. Rxf6+ exf6 35. Qxf6+ Qf7 36. Qh6+
{[%emt 0:00:05] Weighted Error Value: White=0.51/Black=0.58} 1-0

[Event "44th Chess Olympiad Open 2022"]
[Site "Chennai"]
[Date "2022.07.29"]
[Round "1.11"]
[White "Al Hosani, Omran"]
[Black "Gukesh D"]
[Result "0-1"]
[WhiteElo "2215"]
[BlackElo "2684"]
[Annotator "TA"]
[PlyCount "82"]
[EventDate "2022.??.??"]
[TimeControl "60"]

1. d4 Nf6 2. c4 g6 3. Nc3 Bg7 4. e4 d6 5. Be2 O-O 6. Be3 Na6 {[%emt 0:04:46] E73: King's Indian: Averbakh
Variation without 6...c5.} 7. g4 ({Better is} 7. Nf3 $14) 7...
c5 $1 $11 {[%emt 0:05:36][%cal Yf6g4] Hoping for ...Nxg4!} 8. d5 e6 {[%emt 0:00:50] The position is equal.} 9. g5 Nh5 10. Qd2 {[%emt 0:03:22] [#]} f5 $146 {[%emt 0:07:49] Strongly
threatening ...f4.} ({Predecessor:} 10... b5 11. cxb5 Nc7 12. dxe6 Bxe6 13.
O-O-O a6 14. b6 Nb5 15. Bxb5 axb5 16. Qxd6 Qc8 {0-1 (30) Pratyusha,B (2247)
-Paehtz,E (2468) Caleta 2017}) 11. Bxh5 {[%emt 0:02:54][%cal Ye4f5] Black must
now prevent exf5!} gxh5 12. Nge2 (12. exf5 $1
$14 Rxf5 13. Nge2) 12... e5 {[%emt 0:06:00] ...f4 is the strong threat.} 13.
exf5 Bxf5 14. Ng3 Bg6 $36 {
[%emt 0:00:40][%cal Ye5e4] Black has the initiative.} 15. Nge4 Qd7 16. O-O-O (16. Qe2 $11 {keeps the
balance.}) 16... Nb4 17. b3 Kh8 (17... b5 $15 18. Qe2 (18. a3 $2 bxc4 19. bxc4 Rab8 $19) 18...
bxc4 19. Qxc4 a5) 18. Kb2 Na6 (18... a5 $5 19. a3 b5 20. cxb5
(20. axb4 axb4 21. cxb5 bxc3+ 22. Nxc3 e4 $19) 20... a4 $1 21. axb4 cxb4 $11)
19. Nf6 (19. Qe2 $11) 19... Bxf6 $15 20. gxf6 Rxf6 21. a3 {[%emt 0:02:09] Prevents Nb4.}
Raf8 22. Rdf1 (22. Bh6 $15) 22... Rf3 $17 23. Rhg1 Nc7 {[%emt 0:00:28] Black is more
active.} 24. Rg3 Ne8 25. Rfg1 Ng7 26. Rxf3 Rxf3 27. Rg3 Rf7 28. f4 e4 ({Of course not} 28... Nf5 $6 29. fxe5 dxe5 30. Rf3 $11) 29. Ka2 Nf5 30. Rg5 Qe7 31.
Ne2 Qf6 32. Qc1 h6 33. Rg1 {[%emt 0:02:22] [#]} Kh7 $1 {[%emt 0:01:38] And now ...Qh4
would win.} 34. Rg2 {[%emt 0:02:35] [#]} (34. Rh1 $142) 34... h4 $1 $19 35. Bd2 Bh5 36. Bc3 Qe7 {[%emt 0:00:40] Threatens to win with ...
h3.} 37. Bb2 $2 (37. Ng1) 37... h3 {[%emt 0:00:47] Black is
clearly winning.} 38. Qc3 hxg2 39. Qh8+ Kg6 40. Qg8+ {[%emt 0:00:04]
[#]} Rg7 $1 41. Bxg7 Qf7 {[%emt 0:30:14]
Weighted Error Value: White=0.60/Black=0.08 (flawless)} 0-1

[Event "44th Chess Olympiad Open 2022"]
[Site "Chennai"]
[Date "2022.07.29"]
[Round "1.11"]
[White "Mohamed Saeed Laily"]
[Black "Adhiban, B..."]
[Result "0-1"]
[WhiteElo "2030"]
[BlackElo "2598"]
[Annotator "ChessBase"]
[PlyCount "50"]
[EventDate "2022.??.??"]
[TimeControl "60"]

1. d4 e6 2. e4 d5 3. Nc3 Nf6 4. e5 Nfd7 5. f4 c5 6. Nf3 Nc6 7. Be3 Be7 8. Qd2 O-O 9. Bd3 f6 10. exf6 Bxf6 11. Be2 cxd4 12. Nxd4 Bxd4 13. Bxd4 e5 14. Bxe5 Ndxe5 15. fxe5 d4 16. Nb5 Be6 17. O-O-O Rf2 18. Qe1 Rf5 19. Qd2 Qd5 20. b3 Rf2 21. Qe1 Qxg2 22. Rd2 Raf8 23. Nc7 d3 24. Nxe6 dxe2 25. Nxf8 Qxh1 0-1

[Event "44th Chess Olympiad Open 2022"]
[Site "Chennai"]
[Date "2022.07.29"]
[Round "1.12"]
[White "Melkumyan, Hrant"]
[Black "Rakotomaharo, Fy Antenaina"]
[Result "1-0"]
[WhiteElo "2634"]
[BlackElo "2490"]
[Annotator "TA"]
[PlyCount "133"]
[EventDate "2022.??.??"]
[TimeControl "60"]

1. c4 e6 2. Nc3 d5 3. d4 Nf6 4. cxd5 exd5 5. Bg5 c6 6. e3 h6 7. Bh4 Be7 8. Bd3 O-O 9. Nge2 {[%emt 0:00:35] D35: Queen's Gambit
Declined: Exchange Variation.} Re8 10. O-O a5 11. h3 {[%emt 0:09:23] The position is equal.} Nbd7 12. Bg3 Nf8 13. Qc2 Ne6 14. a3 Bf8 {
[%emt 0:25:23] [#]} 15. Rab1 $146 ({Predecessor:} 15. Rac1 Ng5
16. Be5 Nd7 17. Bg3 Nf6 18. Bh2 Bd7 19. Be5 Nfe4 20. Kh1 Nxc3 21. Nxc3 {
½-½ (29) Eigenmann,W (2135)-Quiroga Martinez,J (2108) ICCF email 2021}) 15...
Ng5 16. b4 Nge4 17. Nxe4 dxe4 18. Bc4 Nd5 (18... b5 $5 19. Bb3 Bb7 $11) 19. Nf4 Nxf4 20. Bxf4 b5 $132 {[%emt 0:00:05] Black is
not holding back} 21. Bb3 Ra6 22. Be5 axb4 23. axb4 Be6 24. Bxe6 ({White should try} 24. Qxe4 $14 Bxb3 25.
Rxb3) 24... Rxe6 $11 25. Qxe4 Ra4 26. Rfc1 Qe8 {[%emt 0:00:36] Hoping for . ..f6.} 27.
Qg4 Rg6 28. Qf3 Bxb4 29. h4 Bf8 30. Qf5 Re6 31. Bf4 b4 32. h5 Qd8 33. Qg4 Qd5 34. Be5 b3 (34... Ra3
$15) 35. Qd1 (35. e4 $11 Qb5 36. Kh2) 35... Rb4 $1 $17 {
[%emt 0:00:17] ...b2 is the strong threat.} 36. Bf4 b2 (36... Re8 $5 37. Rb2 Ra8 $15) 37. Rc2 Qa2 38. Rd2 c5 (38... Rb5 $17) 39. dxc5 $11 {[%emt 0:00:32] Strongly
threatening Rd8.} Rc6 $2 (39... Bxc5 40. Qc2 Bf8 41. Rxb2 Rxb2
42. Qxb2 Qxb2 43. Rxb2 $16) (39... Be7 $1 $11 {and Black stays safe.}) 40. Rd8
$1 $18 (40. Be5 $6 Rxc5 41. Rbxb2 (41. Rdxb2 Rxb2
42. Rxb2 Rd5 $14) 41... Qa5 $16) 40... Qa5 {[%emt 0:00:30] [#]} 41. Be5 ({White should play} 41. Qd5 $1 $18 {Threatens to win with
Rxf8+.} Rxf4 42. Rxb2 (42. exf4 Rxc5 43. Rxf8+ Kxf8 $11) 42... Rxc5 {[#]} 43.
Rbb8 $1 (43. Rxf8+ Kxf8 44. Rb8+ Ke7 $11) 43... Rc1+ 44. Kh2 Rh4+ 45. Kg3 Rxh5
46. Rxf8+ Kh7 47. Qe4+ (47. Qxf7 Qc7+ 48. Qxc7 Rg5+ 49. Kf4 Rxc7 $16) (47. Rh8+
Kg6 $16) 47... Rf5 48. Rxf7 Qe5+ 49. Qxe5 Rxe5 50. Kf3) 41... Rxc5 {[%emt 0:10:
56][%cal Ya5d8] White must now prevent ...Qxd8!} 42. Bxb2 {[%emt 0:00:00] And
now Ra1 would win.} Rcb5 $2 (42... Qc7 $16) 43. Ra1 ({Not} 43.
Qd6 Qxd8 44. Qxd8 Rxb2 45. Rxb2 Rxb2 $18) 43... Qxd8 44. Qxd8 {[%emt 0:00:00]
[%cal Ya1a8] White threatens Ra8! and mate.} Rb8 {[#]} 45. Qd5 R4b5 {[#]} 46. Qf3 Rxb2 47. Ra7 f6 48. g3 R2b5 49. Kg2 Re5 50. Qg4 Rbe8
$2 (50... Kh8 51. Rd7 Rg5) 51. Qc4+ Kh8 52. Qf7 R5e6 $2 {[#]} (52... Rd8 53. g4 Rb5) 53. Ra8 $3 Rxa8 54.
Qxe6 {[%emt 0:00:00] Endgame KQ-KRB} Ra3 55. f4 Kh7 56. Kh3 Ra5 57. Kg4 Rc5 58. Qf7 Bd6
59. e4 Ra5 60. Qg6+ Kh8 61. Qe8+ Kh7 62. Qd8 Ra6 63. Kf5 (63. Qd7 $142
Rb6 64. e5 fxe5 65. fxe5 Bf8 66. e6 Rd6 67. Qf7 Rd8 68. e7 Bxe7 69. Qxe7) 63...
Rc6 64. Qd7 Rb6 65. Qe8 (65. Ke6 $142 Bb4+
66. Kf7) 65... Ra6 66. Qb5 Ra3 67. Ke6 {[%emt 0:00:00]
Weighted Error Value: White=0.20 (precise) /Black=0.44} 1-0

[Event "44th Chess Olympiad Open 2022"]
[Site "Chennai"]
[Date "2022.07.29"]
[Round "1.12"]
[White "Petrosyan, Manuel"]
[Black "Razanadrakotoarisoa, Toavina"]
[Result "1-0"]
[WhiteElo "2610"]
[BlackElo "2039"]
[Annotator "TA"]
[PlyCount "93"]
[EventDate "2022.??.??"]
[TimeControl "60"]

1. d4 Nf6 2. c4 e6 3. Nc3 d5 4. cxd5 exd5 5. Bg5 Be7 6. e3 Nbd7 7. Bd3 c6 8. h3 {[%emt 0:03:57] D35: Queen's Gambit Declined: Exchange
Variation.} h6 9. Bf4 Nf8 10. Nf3 {[%emt 0:01:36] White is slightly better.} Ne6 11. Bh2 O-O 12. Qc2 {[%emt 0:04:43] [#]} Bd6 $146 ({Predecessor:} 12... b6 13. O-O Bb7 14. Rad1 c5 15. dxc5 bxc5
16. Bf5 Qb6 17. Na4 Qa5 18. b3 Rfd8 {1-0 (39) Vrolijk,L (2480)-Colas,J (2255)
Chess.com INT 2020}) 13. Ne5 c5 14. dxc5 Nxc5 15. O-O Re8 16. Nf3 Bxh2+ 17. Kxh2 Nce4 18. Nb5 {[%emt 0:10:51] Hoping for Nc7.} Bd7 19. Nbd4 Rc8 20. Qe2 Qc7+ 21. Kg1 a6 22. Rfe1 Ng5 23. Rad1 Nfe4 24. Nxg5 hxg5 25. Bc2 Qe5 26. Bb3 Be6 27. Rc1 g6 28. Rc2 Rxc2 29. Bxc2 Nf6 30. Bd1 Ne4 31. Bb3 Rc8 32. Rd1 Nf6 {[%emt 0:02:15] [#]} (32... Kg7 $14) 33. Nf3 $1 $16 Qf5 {[%emt 0:00:05] [#]} 34. g4 $1 Qe4 35. Nxg5 Qb4 (
35... Qe5 $16 {is a better defense.}) 36. Qd2 Qe7 37. Qd4 Nd7 $2 {[%emt 0:00:30] A mistake that costs the
game.} (37... a5 $16 38. a4 Rc5) 38. Nxe6 $18 ({Weaker is} 38.
Bxd5 Bxd5 39. Qxd5 Nf6 $18) 38... fxe6 {[%emt 0:00:06] [#]} 39. Bxd5 $1 Nf8 (39...
Rc7 40. Qe4) 40. Bg2 Rc2 41. Be4 Rc7 42. Qd8 Qg7 {[%emt 0:00:00] [#]} (
42... Kf7 {was necessary.} 43. Qb8 g5) 43. Bxg6 $1 {[%emt 0:01:19] White is
clearly winning.} Rc4 (43... Rc5 44. Be4) 44. b3 Rb4 45. Bd3 Rxg4+ 46.
hxg4 Qxg4+ 47. Kh2 {[%emt 0:00:00] Weighted
Error Value: White=0.08 (flawless) /Black=0.26 (precise)} 1-0